 Dungeon Crawl Stone Soup version 0.27.1-34-g3ba077fa99 (webtiles) character file.

Game seed: 15886764510095826327

412 hawla the Magician (level 6, -3/32 (33) HPs)
             Began as a Deep Elf Earth Elementalist on Jan 12, 2022.
             Was a Follower of Vehumet.
             Slain by a wight (5 damage)
             ... on level 4 of the Dungeon.
             The game lasted 00:12:21 (2783 turns).

hawla the Magician (Deep Elf Earth Elementalist)    Turns: 2783, Time: 00:12:22

HP:   -3/32 (33)    AC:  3    Str: 11    XL:     6   Next: 59%
MP:   4/17          EV: 13    Int: 22    God:    Vehumet [*.....]
Gold: 156           SH:  0    Dex: 15    Spells: 13/17 levels left

rFire    . . .     SeeInvis +   (no weapon)
rCold    . . .     Faith    .   (no shield)
rNeg     . . .     Spirit   .   b - +0 robe
rPois    .         Reflect  .   (no helmet)
rElec    .         Harm     .   (no cloak)
rCorr    .         Rampage  .   (no gloves)
Will     .....                  j - +0 pair of boots
Stlth    +.........             (no amulet)
HPRegen  0.10/turn              e - +6 ring of strength
MPRegen  0.15/turn              a - ring of see invisible

@: silenced, lightly drained
A: no striking features
a: Renounce Religion


You were on level 4 of the Dungeon.
You worshipped Vehumet.
Vehumet was aware of your devotion.
You visited 1 branch of the dungeon, and saw 4 of its levels.

You collected 156 gold pieces.

Inventory:

Missiles
 d - 16 poisoned darts (quivered)
Armour
 b - a +0 robe (worn)
 j - a +0 pair of boots (worn)
Jewellery
 a - a ring of see invisible (right hand)
 e - a +6 ring of strength (left hand)
 n - a +6 ring of strength
Scrolls
 l - a scroll of fog {unknown}
 m - a scroll of summoning {unknown}
Potions
 c - a potion of might {unknown}
 g - a potion of heal wounds
 h - a potion of haste
 k - a potion of berserk rage {unknown}


   Skills:
 + Level 0.6 Fighting
 + Level 0.3 Throwing
 - Level 3.0 Dodging
 + Level 3.5 Stealth
 - Level 6.0 Spellcasting
 + Level 1.5 Conjurations
 - Level 1.1 Transmutations
 + Level 1.3 Fire Magic
 + Level 5.6 Earth Magic


You had 13 spell levels left.
You knew the following spells:

 Your Spells              Type           Power      Damage    Failure   Level
a - Stone Arrow           Conj/Erth      44%        3d9       6%          3
b - Foxfire               Conj/Fire      48%        2x1d6     5%          1

Your spell library contained the following spells:

 Spells                   Type           Power      Damage    Failure   Level
 Sandblast                Erth           62%        2d14      1%          1
 Passwall                 Tmut/Erth      17%        N/A       3%          2
 Petrify                  Tmut/Erth      21%        N/A       22%         4


Dungeon Overview and Level Annotations

Branches:
Dungeon (4/15)
 Temple: D:4-7

Altars:
Vehumet

Shops:
D:4 (


Message History

The water moccasin zombie is heavily damaged.
The water moccasin zombie barely misses you.
Casting: Foxfire (safe; 5% risk of failure)
Confirm with . or Enter, or press ? or * to list all spells.
You conjure some foxfire!
The water moccasin zombie bites you.
Casting: Foxfire (safe; 5% risk of failure)
Confirm with . or Enter, or press ? or * to list all spells.
The spell is quite dangerous to cast (7% risk of failure)!
Continue anyway?
Aiming: Stone Arrow (quite dangerous; 7% risk of failure)
Press: ? - help, Shift-Dir - straight line, f - water moccasin zombie
Aim: a water moccasin zombie (heavily damaged, ally target, 71% to hit)
The stone arrow hits the water moccasin zombie!!
The water moccasin zombie is almost destroyed.
The foxfire hits the water moccasin zombie.
You destroy the water moccasin zombie!
Vehumet accepts your kill.
Training target 3.0 for Dodging reached!
Your Dodging skill increases to level 3!
Your foxfire dissipates!
Your magical contamination has completely faded away.
An orc wizard comes into view.
It is wielding a +1 dagger of protection and wearing a +2 robe of fire resistance.
A wight comes into view.
It is wielding a +0 spear. 2 wights come into view.
A kobold comes into view. It is wielding a +0 club.
The wight hits you from afar with a +0 spear.
As you read the scroll labelled DUETEN NILU, it crumbles to dust.
You assume a fearsome visage.
The kobold looks frightened!
The wight is unaffected. x3; It was a scroll of fear.
The wight barely misses you.
The wight hits you from afar with a +0 spear.
As you read the scroll labelled HIUGUTS LASCHU, it crumbles to dust.
A profound silence engulfs you.
It was a scroll of silence.
The wight completely misses you. The wight misses you.
The wight hits you from afar with a +0 spear!
The wight hits you with a +1 long sword!
* * * LOW HITPOINT WARNING * * *
You feel drained.
* * * LOW HITPOINT WARNING * * *
The wight hits you from afar with a +0 spear.
You die...

........#
#####.....#
........#
#.........##
........#
#...........
#......#
#...........
#......#
#...........
#......#
#...........
#...zz.#
#...........
#.....z#
#...........
#.....@#
#####.......
#......#
#...#.......
#......#
#...'.......
#......#
#...#.......
#......#
#####.....##
#......#
#....(....#.
#......#
#.........#.
#......#
#.........#.
#......#
#....#'####.


You could see 3 wights.

Vanquished Creatures
  Grinder (D:4)
  A water moccasin zombie (D:4)
  A hound (D:3)
  A hound skeleton (D:4)
  A howler monkey skeleton (D:4)
  5 adders
  2 worms
  5 orcs (D:3)
  7 ball pythons
  5 endoplasms
  A giant cockroach (D:1)
  A goblin (D:1)
  A hobgoblin (D:2)
  3 jackals (D:4)
  3 bats
  A frilled lizard (D:2)
  2 kobolds (D:2)
  A quokka skeleton (D:4)
  4 rats
46 creatures vanquished.

Vanquished Creatures (others)
  46 foxfires (D:4)
  A plant (D:3)
  5 withered plants (D:3)
52 creatures vanquished.

Grand Total: 98 creatures vanquished

Notes
Turn   | Place    | Note
-------+----------+-------------------------------------------
     0 | D:1      | hawla the Deep Elf Earth Elementalist began the quest for
                  | the Orb.
     0 | D:1      | Reached XP level 1. HP: 10/10 MP: 6/6
   746 | D:1      | Reached XP level 2. HP: 15/15 MP: 6/8
  1021 | D:2      | Reached XP level 3. HP: 15/19 MP: 2/10
  1306 | D:2      | Reached skill level 4 in Spellcasting
  1574 | D:3      | Reached XP level 4. HP: 24/24 MP: 9/12
  1613 | D:3      | Learned a level 3 spell: Stone Arrow
  1799 | D:3      | Found a faded altar of an unknown god.
  2110 | D:3      | Became a worshipper of Vehumet
  2110 | D:3      | Reached * piety under Vehumet
  2110 | D:3      | Offered knowledge of Foxfire by Vehumet.
  2113 | D:3      | Learned a level 1 spell: Foxfire
  2226 | D:4      | Found Ruym's Antique Weapon Emporium.
  2332 | D:4      | Reached XP level 5. HP: 24/28 MP: 9/14
  2336 | D:4      | Reached skill level 5 in Spellcasting
  2340 | D:4      | Reached skill level 5 in Earth Magic
  2689 | D:4      | Noticed Grinder
  2706 | D:4      | Killed Grinder
  2707 | D:4      | Reached skill level 6 in Spellcasting
  2707 | D:4      | Reached skill level 1 in Conjurations
  2707 | D:4      | Reached skill level 1 in Fire Magic
  2707 | D:4      | Reached XP level 6. HP: 24/32 MP: 2/17
  2783 | D:4      | Slain by a wight

Illustrated notes

Levels and vault maps discovered:
D:1:      mrwooster_arrival_arrow, layout_loops_ring,
          chequers_serial_rivers_room_a, amcnicky_mini_corridor_feature
D:2:      layout_rooms, hangedman_decor_points, chequers_serial_rivers_small_3
D:3:      layout_rooms, shapermc_ecumenical_altar_flowoftime, kennysheep_nub,
          minmay_distorted
D:4:      layout_gridville, serial_shops, shop, uniq_robin, uniq_pikel,
          uniq_grinder

Skill      XL: |  1  2  3  4  5  6 |
---------------+-------------------+-----
Earth Magic    | 4 5 |  5.6
Spellcasting   | 4 6 |  6.0
Stealth        | 3 |  3.5
Conjurations   | 1 |  1.5
Fire Magic     | 1 |  1.3
Dodging        | 3 |  3.0
Fighting       | |  0.6
Throwing       | |  0.3
Transmutations | |  1.1

Action                   |  1- 3 |  4- 6 || total
-------------------------+-------+-------++-------
Melee: Unarmed           |       |    29 ||    29
 Cast: Sandblast         |    40 |     8 ||    48
       Foxfire           |       |    24 ||    24
       Stone Arrow       |       |    10 ||    10
  Use: Scroll            |     3 |     3 ||     6
Armor: Robe              |     3 |     3 ||     6
Dodge: Dodged            |    10 |    13 ||    23
